 Dungeon Crawl Stone Soup version 0.27-a0-1232-gc6a4cbde82 (webtiles) character file.

Game seed: 17741607623206514312

14945 Vomitron the Blocker (level 12, -7/110 HPs)
             Began as a Hill Orc Fighter on June 8, 2021.
             Was an Elder of Uskayaw.
             Mangled by an 11-headed hydra (9 damage)
             ... on level 11 of the Dungeon.
             The game lasted 00:16:46 (12418 turns).

Vomitron the Blocker (Hill Orc Fighter)            Turns: 12418, Time: 00:16:46

Health: -7/110     AC: 11    Str: 22    XL:     12   Next: 21%
Magic:  19/20      EV:  8    Int:  8    God:    Uskayaw [****..]
Gold:   484        SH: 14    Dex: 12    Spells: 11/11 levels left

rFire    . . .     SeeInvis .   d - +5 demon blade (vamp)
rCold    . . .     Faith    .   c - +1 kite shield
rNeg     . . .     Spirit   .   D - +0 chain mail
rPois    .         Reflect  .   (no helmet)
rElec    .         Harm     .   (no cloak)
rCorr    .         Rampage  .   (no gloves)
Will     .....                  (no boots)
Stlth    ..........             A - amulet of regeneration
HPRegen  1.28/turn              (no ring)
MPRegen  0.17/turn              (no ring)

@: about to teleport, studying 2 skills
A: no striking features
a: Renounce Religion, Stomp, Line Pass


You were on level 11 of the Dungeon.
You worshipped Uskayaw.
Uskayaw was aware of your devotion.
You visited 1 branch of the dungeon, and saw 11 of its levels.

You collected 652 gold pieces.
You spent 168 gold pieces at shops.

Inventory:

Hand Weapons
 a - a +0 long sword
 d - a +5 vampiric demon blade (weapon)
Armour
 b - a +0 scale mail
 c - a +1 kite shield (worn)
 D - a +0 chain mail (worn)
Jewellery
 e - a ring of wizardry
 v - a ring of magical power
 y - an amulet of guardian spirit
 A - an amulet of regeneration (around neck)
 B - an amulet of reflection
 H - a ring of magical power
Wands
 r - a wand of acid (8)
 t - a wand of iceblast (6)
 E - a wand of digging (11)
Scrolls
 g - a scroll of fear
 i - a scroll of enchant armour
 j - a scroll of teleportation
 p - 3 scrolls of vulnerability
 u - a scroll of enchant weapon
 w - a scroll of summoning
 F - a scroll of identify
 G - a scroll of amnesia
Potions
 f - 3 potions of flight
 h - 4 potions of attraction
 k - a potion of berserk rage
 l - 2 potions of curing
 m - a potion of brilliance {unknown}
 n - 2 potions of mutation
 o - 2 potions of heal wounds {unknown}
 q - 2 potions of lignification {unknown}
 s - 2 potions of cancellation {unknown}
 x - a potion of haste {unknown}
 z - a potion of might


   Skills:
 + Level 11.0 Fighting
 + Level 10.2 Long Blades
 + Level 10.2 Armour
 + Level 13.0 Shields
 + Level 10.8 Invocations


You had 11 spell levels left.
You didn't know any spells.
Your spell library contained the following spells:

 Spells                   Type           Power      Damage    Failure   Level
 Beastly Appendage        Tmut           0%         N/A       98%         1
 Wereblood                Tmut           0%         N/A       99%         2
 Spider Form              Tmut/Pois      0%         N/A       100%        3
 Ice Form                 Ice/Tmut       0%         N/A       100%        4
 Hydra Form               Tmut           0%         N/A       100%        5


Dungeon Overview and Level Annotations

Branches:
Dungeon (11/15)            Temple (0/1) D:4            Lair (0/6) D:11
    Orc (0/2) D:10

Altars:
Cheibriados
Gozag
Kikubaaqudgha
Qazlal
Trog
Uskayaw
Wu Jian
Xom
Beogh

Shops:
D:5 *   D:7 *   D:9 *   D:10 =


Message History

You block the ten-headed hydra's attack.
The ten-headed hydra closely misses you.
The ten-headed hydra bites you! The ten-headed hydra bites you.
You can now merge with and destroy a victim.
Unknown command.
You slice one of the ten-headed hydra's heads off!
The nine-headed hydra grows two more!
You slash the 11-headed hydra!
The 11-headed hydra is moderately wounded.
The 11-headed hydra barely misses you.
You block the 11-headed hydra's attack. x2
The 11-headed hydra bites you but does no damage.
The 11-headed hydra bites you. The 11-headed hydra closely misses you.
The 11-headed hydra bites you but does no damage. x2
The 11-headed hydra completely misses you.
The 11-headed hydra barely misses you. The 11-headed hydra closely misses you.
You barely miss the 11-headed hydra.
The 11-headed hydra is moderately wounded.
The 11-headed hydra is no longer sharing its pain.
The 11-headed hydra bites you but does no damage. x3
The 11-headed hydra bites you! You block the 11-headed hydra's attack.
The 11-headed hydra bites you but does no damage. x2
The 11-headed hydra bites you!
* * * LOW HITPOINT WARNING * * *
The 11-headed hydra closely misses you. The 11-headed hydra bites you.
* * * LOW HITPOINT WARNING * * *
The 11-headed hydra bites you!
* * * LOW HITPOINT WARNING * * *
Unknown command.
Unknown command.
Things that are here:
a +0 troll leather armour; a troll corpse You can no longer merge with and destroy a victim.
The 11-headed hydra is no longer covered in acid.
As you read the scroll of teleportation, it crumbles to dust.
You feel strangely unstable. You block the 11-headed hydra's attack.
The 11-headed hydra bites you!
* * * LOW HITPOINT WARNING * * *
The 11-headed hydra bites you!
* * * LOW HITPOINT WARNING * * *
You block the 11-headed hydra's attack. x2; The 11-headed hydra bites you!
You die...

...........#
#...........#
#...........#
#...........#
#...........# ##
#...........#########.
#.....................
#...........)...####'#
#....@D..[..)((.#.....
#...##+#######(.#.....
#.. #..#..... #.
#..#..... .. #..#.....
## #D.#..##+ #..#..
..# . .


You could see a 11-headed hydra.

Vanquished Creatures
  3 two-headed ogres
  2 ugly things
  2 cyclopes (D:11)
  A gargoyle (D:8)
  2 unseen horrors
  4 trolls
  A hornet (D:9)
  A shadow (D:10)
  A wraith (D:11)
  2 water elementals
  A wyvern (D:8)
  23 yaks
  A steam dragon (D:8)
  Menkaure (D:7)
  2 acid dragons
  A water moccasin (D:7)
  7 orc warriors
  2 sky beasts (D:6)
  An ice beast (D:5)
  A necrophage (D:6)
  5 black bears
  2 ogres (D:6)
  4 wolves (D:10)
  5 centaurs
  3 kobold brigands
  2 phantoms
  Blork the orc (D:4)
  A bullfrog (D:6)
  A gnoll sergeant (D:7)
  A scorpion (D:4)
  2 wyvern skeletons
  2 electric eels (D:11)
  11 howler monkeys
  4 centaur zombies
  3 crimson imps (D:5)
  5 hounds
  6 orc priests
  A bullfrog skeleton (D:5)
  A centaur skeleton (D:4)
  2 jellies (D:5)
  Natasha (thrice) (D:2)
  4 iguanas
  7 orc wizards
  A scorpion zombie (D:5)
  A hound skeleton (D:5)
  5 gnolls
  12 adders
  2 white imps
  An ufetubus (D:6)
  An adder zombie (D:5)
  2 worms
  23 orcs
  9 endoplasms
  2 giant cockroaches
  6 goblins
  6 hobgoblins
  6 quokkas
  10 ball pythons
  6 bats
  7 frilled lizards
  23 kobolds
  4 rats
262 creatures vanquished.

Vanquished Creatures (others)
  5 plants (D:11)
5 creatures vanquished.

Grand Total: 267 creatures vanquished

Notes
Turn   | Place    | Note
-------+----------+-------------------------------------------
     0 | D:1      | Vomitron the Hill Orc Fighter began the quest for the Orb.
     0 | D:1      | Reached XP level 1. HP: 19/19 MP: 1/1
   252 | D:1      | Found a faded altar of an unknown god.
   368 | D:1      | Reached XP level 2. HP: 27/27 MP: 2/2
   729 | D:1      | Reached XP level 3. HP: 32/33 MP: 3/3
   887 | D:1      | You fall into a shaft and drop 1 floor!
  1657 | D:2      | Reached XP level 4. HP: 33/40 MP: 4/4
  2010 | D:2      | Found an ancient bone altar of Kikubaaqudgha.
  2332 | D:2      | Noticed Natasha
  2340 | D:2      | Killed Natasha
  2341 | D:2      | Reached skill level 4 in Shields
  2341 | D:2      | Reached XP level 5. HP: 33/47 MP: 5/5
  2519 | D:2      | Noticed Natasha
  2540 | D:2      | Killed Natasha
  2788 | D:2      | Noticed Natasha
  2812 | D:2      | Killed Natasha
  3143 | D:3      | Found a hide-covered altar of Uskayaw.
  3151 | D:3      | Became a worshipper of Uskayaw the Reveller
  3198 | D:3      | Reached * piety under Uskayaw
  3369 | D:3      | Reached ** piety under Uskayaw
  3667 | D:3      | Reached XP level 6. HP: 51/53 MP: 6/6
  3915 | D:4      | Noticed a black bear
  4026 | D:4      | Reached skill level 1 in Invocations
  4526 | D:4      | Reached skill level 5 in Fighting
  4585 | D:4      | Killed a black bear
  4585 | D:4      | Reached *** piety under Uskayaw
  4586 | D:4      | Reached XP level 7. HP: 19/61 MP: 8/8
  4813 | D:4      | Noticed Blork the orc
  4827 | D:4      | Killed Blork the orc
  4828 | D:4      | Reached skill level 5 in Long Blades
  4910 | D:4      | Found a staircase to the Ecumenical Temple.
  4956 | D:4      | Reached skill level 5 in Armour
  5217 | D:4      | Reached skill level 5 in Shields
  5231 | D:4      | Found a snail-covered altar of Cheibriados.
  5243 | D:4      | Found an opulent altar of Gozag.
  5244 | D:4      | Found an ornate altar of the Wu Jian Council.
  5249 | D:4      | Found a stormy altar of Qazlal.
  5637 | D:5      | Entered Level 5 of the Dungeon
  5771 | D:5      | Identified 2 scrolls of acquirement
  5771 | D:5      | Acquired a manual of Shields
  5773 | D:5      | Acquired a +4 vampiric demon blade
  5977 | D:5      | Found Orchadete's General Store.
  6170 | D:5      | Reached XP level 8. HP: 70/70 MP: 10/10
  6173 | D:5      | Reached **** piety under Uskayaw
  6174 | D:5      | Reached skill level 6 in Shields
  6646 | D:5      | Found a shimmering altar of Xom.
  6793 | D:6      | Reached skill level 7 in Shields
  6793 | D:6      | Reached skill level 5 in Invocations
  6991 | D:6      | Reached XP level 9. HP: 65/79 MP: 12/12
  7320 | D:6      | Reached skill level 8 in Shields
  8003 | D:7      | Noticed Menkaure
  8178 | D:7      | Killed Menkaure
  8363 | D:7      | Reached skill level 9 in Shields
  8424 | D:7      | Noticed a two-headed ogre
  8432 | D:7      | Killed a two-headed ogre
  8433 | D:7      | Reached XP level 10. HP: 72/90 MP: 15/15
  8688 | D:7      | Found Miagh's Merry Market.
  8698 | D:7      | Bought a potion of might for 56 gold pieces
  8698 | D:7      | Bought a potion of mutation for 112 gold pieces
  9166 | D:8      | Noticed a brown ugly thing
  9173 | D:8      | Killed a brown ugly thing
  9174 | D:8      | Reached skill level 10 in Shields
  9340 | D:8      | Noticed a gargoyle
  9361 | D:8      | Killed a gargoyle
  9532 | D:8      | Found a bloodstained altar of Trog.
  9760 | D:8      | Reached ***** piety under Uskayaw
 10045 | D:9      | Found Sasirr's General Store.
 10196 | D:9      | Noticed a two-headed ogre
 10204 | D:9      | Killed a two-headed ogre
 10205 | D:9      | Reached skill level 11 in Shields
 10205 | D:9      | Reached XP level 11. HP: 61/99 MP: 17/17
 10431 | D:9      | Paralysed by a hornet for 2 turns
 11210 | D:10     | Entered Level 10 of the Dungeon
 11248 | D:10     | Reached skill level 10 in Fighting
 11533 | D:10     | Reached skill level 12 in Shields
 11646 | D:10     | Found Cyllun's Jewellery Boutique.
 11771 | D:10     | Found a staircase to the Orcish Mines.
 11795 | D:10     | Found a roughly hewn altar of Beogh.
 12016 | D:10     | Reached skill level 10 in Invocations
 12093 | D:11     | Found a staircase to the Lair.
 12350 | D:11     | Reached XP level 12. HP: 27/108 MP: 8/19
 12354 | D:11     | Reached skill level 10 in Armour
 12365 | D:11     | Noticed a two-headed ogre
 12366 | D:11     | Reached ****** piety under Uskayaw
 12369 | D:11     | Reached skill level 10 in Long Blades
 12372 | D:11     | Killed a two-headed ogre
 12395 | D:11     | Noticed an eight-headed hydra
 12405 | D:11     | Reached skill level 13 in Shields
 12418 | D:11     | HP: 2/110 [11-headed hydra (10)]
 12418 | D:11     | Mangled by an 11-headed hydra

Illustrated notes

Levels and vault maps discovered:
D:1:      sevenhm_arrival_forest_fort_large_4, layout_basic,
          hellmonk_ecumenical_altar_pennies_from_heaven
D:2:      minmay_chambers_of_twos, layout_basic, basic_altar, uniq_natasha
D:3:      layout_loops_ring, nicolae_uskayaw_murder_on_the_dancefloor
D:4:      layout_gridville, minitemple, minmay_temple_entry_grid,
          kennysheep_generic_room_10, uniq_blork_the_orc
D:5:      layout_loops_ring, led_xom_imps, serial_shops, shop,
          minmay_manual_maat
D:6:      layout_cave_pools, amcnicky_mini_pool_medium
D:7:      layout_cave_pods, nicolae_alphabet_shops, grunt_decor_one_mirror,
          grunt_ministairs_3, minmay_misc_feat_doors, uniq_menkaure
D:8:      layout_rooms, trog_butcher_becter
D:9:      layout_loops_corners, serial_shops,
          nicolae_shop_temple_entry_statues_fountains, kennysheep_small_square
D:10:     layout_basic, minmay_orc_entry_temple_small, serial_shops,
          kennysheep_mini
D:11:     nzn_winding_woodlands_three_and_one
          [nzn_winding_woodlands_5x15_concentric,
          nzn_winding_woodlands_5x15_crooked, nzn_winding_woodlands_5x15_parted,
          nzn_winding_woodlands_center_garden], layout_irregular_city,
          erik_lair_island

Skill      XL: |  1  2  3  4  5  6  7  8  9 10 11 12 |
---------------+-------------------------------------+-----
Fighting       | 4 5 6 7 8 9 10 11 | 11.0
Long Blades    | 3 4 5 6 7 8 9 10 | 10.2
Armour         | 4 5 6 7 8 9 10 | 10.2
Shields        | 4 5 7 9 11 12 13 | 13.0
Invocations    | 2 3 5 7 9 10 | 10.8

Action                   |  1- 3 |  4- 6 |  7- 9 | 10-12 || total
-------------------------+-------+-------+-------+-------++-------
Melee: Long sword        |   114 |   164 |    73 |       ||   351
       Demon blade       |       |       |   134 |   372 ||   506
Throw: Dart              |       |       |       |     1 ||     1
Invok: Stomp             |       |       |    12 |    13 ||    25
Evoke: Wand              |       |       |       |     1 ||     1
  Use: Potion            |       |     1 |       |     1 ||     2
       Scroll            |       |       |    11 |     6 ||    17
 Stab: Paralysed         |       |       |     7 |    39 ||    46
Armor: Scale mail        |    54 |    79 |    73 |    38 ||   244
       Chain mail        |       |       |       |   123 ||   123
Dodge: Dodged            |    32 |    58 |    52 |   110 ||   252
Block: Kite shield       |    58 |    86 |   108 |   261 ||   513
       Rpst.: Long sword |    10 |    19 |     7 |       ||    36
       Demon blade       |       |       |    13 |    21 ||    34

Table legend: (Time is in decaauts)
 A = Elapsed time spent in this place.
 B = Non-inter-level travel time spent in this place.
 C = Inter-level travel time spent in this place.
 D = Time resting spent in this place.
 E = Time spent auto-exploring this place.
 F = Levels seen in this place.
 G = Mean time per level.
                   A        B        C        D        E       F      G
               +--------+--------+--------+--------+--------+-----+--------+
         Total |  12582 |  12171 |    411 |   2655 |   7726 |  11 | 1143.8 |
       Dungeon |  12582 |  12171 |    411 |   2655 |   7726 |  11 | 1143.8 |
               +--------+--------+--------+--------+--------+-----+--------+

Top non-repeatable levels by time:
     D:2: 1784 daAuts
     D:4: 1746 daAuts
     D:1: 1412 daAuts
     D:6: 1288 daAuts
     D:9: 1170 daAuts
     D:7: 1105 daAuts
     D:5: 1087 daAuts
    D:10: 953 daAuts
     D:8: 905 daAuts
     D:3: 893 daAuts
    D:11: 235 daAuts
